 Dungeon Crawl Stone Soup version 0.25.1-2-g60ff931df9 (webtiles) character file.

Game seed: 8060689816129277192

569 DearestLeader the Chopper (level 7, -1/52 HPs)
             Began as a Demonspawn Abyssal Knight on Oct 5, 2020.
             Was a Priest of Lugonu.
             Slain by a sky beast (6 damage)
             ... on level 5 of the Dungeon.
             The game lasted 00:08:19 (5312 turns).

DearestLeader the Chopper (DsAK)                    Turns: 5312, Time: 00:08:19

Health: -1/52      AC: 14    Str: 14    XL:     7   Next: 11%
Magic:  10/10      EV:  6    Int: 13    God:    Lugonu [***...]
Gold:   283        SH:  0    Dex: 13    Spells: 6/6 levels left

rFire    + . .     SeeInvis +   v - +2 hand axe (vorpal)
rCold    . . .     Gourm    .   (no shield)
rNeg     . . .     Faith    .   h - +0 chain mail
rPois    .         Spirit   .   w - +0 helmet
rElec    .         Reflect  .   r - +2 cloak
rCorr    .         Harm     .   (no gloves)
MR       .....                  (no boots)
Stlth    ..........             o - amulet of the acrobat
HPRegen  0.17/turn              j - ring of see invisible
MPRegen  0.12/turn              (no ring)

@: mighty, stab
A: talons 1, iridescent scales 1, fire resistance 1
a: Depart the Abyss, Bend Space, Banish, Renounce Religion


You were on level 5 of the Dungeon.
You worshipped Lugonu.
Lugonu was most pleased with you.
You were not hungry.

You visited 1 branch of the dungeon, and saw 5 of its levels.
You visited the Abyss 1 time.

You collected 283 gold pieces.

Inventory:

Hand Weapons
 a - a +1 hand axe
 v - a +2 vorpal hand axe (weapon)
Armour
 b - a +0 leather armour
 h - a +0 chain mail (worn)
 r - a +2 cloak (worn)
 w - a +0 helmet (worn)
Jewellery
 j - a ring of see invisible (left hand)
 o - an amulet of the acrobat (around neck)
 s - a cursed amulet of inaccuracy {unknown}
Wands
 x - a wand of random effects (20)
Scrolls
 d - a scroll of enchant armour
 e - 3 scrolls of magic mapping
 i - 4 scrolls of remove curse
 k - 2 scrolls of amnesia
 l - a scroll of fog {unknown}
 m - a scroll of identify
 p - a scroll of teleportation
Potions
 f - 2 potions of might
 n - 3 potions of lignification
 q - a potion of haste {unknown}
 u - a potion of curing
Comestibles
 c - 5 rations


   Skills:
 - Level 3.0 Fighting
 * Level 6.4 Axes
 - Level 1.7 Armour
 - Level 0.8 Dodging
 + Level 5.1 Invocations


You had 6 spell levels left.
You didn't know any spells.
Your spell library was empty.

Dungeon Overview and Level Annotations

Branches:
Dungeon (5/15)
 Temple: D:4-7

Altars:

Annotations:
D:5 1 runed translucent door, tensugalgo's ghost, amateur OpNe


Innate Abilities, Weirdness & Mutations

You have sharp toenails.
You are partially covered in iridescent scales. (AC +2)
Your flesh is heat resistant. (rF+)


Message History

The sky beast hits you but does no damage.
Your chain mail prevents you from hitting the sky beast.
The sky beast hits you but does no damage.
You closely miss the sky beast. The sky beast barely misses you.
You miss the sky beast. The sky beast hits you.
* * * LOW HITPOINT WARNING * * *
The sky beast shocks you.
* * * LOW HITPOINT WARNING * * *
You barely miss the sky beast. You claw the sky beast!
The sky beast is heavily wounded.
The sky beast hits you but does no damage.
Your chain mail prevents you from hitting the sky beast.
The sky beast is heavily wounded.
The sky beast hits you but does no damage.
You closely miss the sky beast. Your kick misses the sky beast.
The sky beast is heavily wounded.
The sky beast hits you.
* * * LOW HITPOINT WARNING * * *
The sky beast shocks you.
You die...

#.#
##.###########
.............#
.............#
#.............#
+.............#
#........≈....#
+.....(...Y...#
..........@..#
.............#
......8#######
+###### .....o
##.o.. ..###
Wo#8


You could see a sky beast.

Vanquished Creatures
  An ice beast (D:5)
  A centaur (D:4)
  Blork the orc (D:4)
  A scorpion (D:4)
  A howler monkey (D:5)
  A worker ant (D:4)
  Robin (D:4)
  6 adders
  3 gnolls (D:4)
  3 oozes
  A worm (D:2)
  6 leopard geckos
  8 orcs (D:4)
  5 giant cockroaches
  8 hobgoblins
  10 jackals
  2 quokkas
  A ball python (D:4)
  4 bats
  2 frilled lizards
  20 goblins
  A jackal skeleton (D:4)
  5 kobolds
  A leopard gecko skeleton (D:5)
  11 rats
104 creatures vanquished.

Notes
Turn   | Place    | Note
-------+----------+-------------------------------------------
     0 | Abyss:1  | DearestLeader the Demonspawn Abyssal Knight began the quest
                  | for the Orb.
     0 | Abyss:1  | Reached XP level 1. HP: 18/18 MP: 2/2
   112 | Abyss:1  | Noticed a thrashing horror
   113 | D:1      | Escaped the Abyss
   229 | D:1      | Reached skill level 2 in Axes
   364 | D:1      | Gained mutation: You are partially covered in iridescent
                  | scales. (AC +2) [demonic ancestry]
   364 | D:1      | Reached XP level 2. HP: 22/24 MP: 3/3
   687 | D:1      | Reached * piety under Lugonu
   850 | D:1      | Reached skill level 3 in Axes
  1255 | D:2      | Reached XP level 3. HP: 12/29 MP: 4/4
  2005 | D:2      | Reached XP level 4. HP: 31/35 MP: 5/5
  2073 | D:2      | Reached skill level 4 in Axes
  3161 | D:3      | Reached ** piety under Lugonu
  3459 | D:4      | Gained mutation: You have sharp toenails. [demonic
                  | ancestry]
  3459 | D:4      | Reached XP level 5. HP: 36/41 MP: 5/7
  3566 | D:4      | Noticed a centaur
  3583 | D:4      | Killed a centaur
  3583 | D:4      | Reached skill level 5 in Axes
  3895 | D:4      | Noticed Blork the orc
  3907 | D:4      | Killed Blork the orc
  3907 | D:4      | Gained mutation: Your flesh is heat resistant. (rF+)
                  | [demonic ancestry]
  3907 | D:4      | Reached XP level 6. HP: 37/47 MP: 7/9
  4384 | D:4      | Noticed Robin
  4407 | D:4      | Killed Robin
  4411 | D:4      | Reached *** piety under Lugonu
  4419 | D:4      | Reached skill level 6 in Axes
  4849 | D:5      | Entered Level 5 of the Dungeon
  4956 | D:5      | Noticed an ice beast
  4969 | D:5      | Killed an ice beast
  4969 | D:5      | Reached skill level 5 in Invocations
  4969 | D:5      | Reached XP level 7. HP: 23/52 MP: 10/10
  5301 | D:5      | Found a runed translucent gate.
  5301 | D:5      | Noticed tensugalgo's ghost (amateur OpNe)
  5312 | D:5      | Slain by a sky beast

Illustrated notes

Levels and vault maps discovered:
D:1:      kilobyte_arrival_exit_the_forest, layout_basic, st_stairs_6,
          minmay_curled_crystal, chequers_arboretum, minmay_rat_gold_closets
D:2:      minmay_spotlight, layout_loops_corners
D:3:      layout_basic
D:4:      layout_loops_corners, first_ration, uniq_blork_the_orc, uniq_robin
D:5:      layout_basic, serial_shops, nicolae_shop_trees,
          biasface_ghost_orc_armoury, grunt_dithmenos_shadows

Skill      XL: |  1  2  3  4  5  6 |
---------------+-------------------+-----
Axes           | 2 3 4 5 6 |  6.4
Invocations    | 4 5 |  5.1
Fighting       | |  3.0
Armour         | |  1.7
Dodging        | |  0.8

Action                   |  1- 3 |  4- 6 |  7- 9 || total
-------------------------+-------+-------+-------++-------
Melee: Hand axe          |   136 |   221 |    14 ||   371
       Kick              |       |    40 |     1 ||    41
Invok: Depart the Abyss  |     1 |       |       ||     1
  Use: Potion            |     3 |       |     2 ||     5
       Scroll            |       |     5 |     2 ||     7
 Stab: Distracted        |     1 |       |       ||     1
  Eat: Chunk             |     3 |    10 |     1 ||    14
Armor: Leather armour    |     7 |       |       ||     7
       Chain mail        |    71 |   151 |     9 ||   231
Dodge: Dodged            |    50 |    80 |     6 ||   136
